 Dungeon Crawl Stone Soup version 0.30.1-11-g7821555f0a (webtiles) character file.

Game seed: 10358144840023390402

1780 Cheops the Destroyer (level 8, 0/44 HPs)
             Began as a Deep Elf Conjurer on Dec 21, 2023.
             Was an Initiate of Vehumet.
             Slain by an orc warrior
             ... wielding a +0 hand axe
              (9 damage)
             ... on level 7 of the Dungeon.
             The game lasted 00:19:11 (6791 turns).

Cheops the Destroyer (Deep Elf Conjurer)            Turns: 6791, Time: 00:19:12

Health: 0/44       AC:  6    Str:  4    XL:     8   Next: 81%
Magic:  0/20       EV: 11    Int: 26    God:    Vehumet [......]
Gold:   244        SH:  4    Dex: 13    Spells: 4/21 levels left

rFire   . . .        b - staff of poison {!a}
rCold   . . .        m - +0 buckler
rNeg    + . .        B - +2 robe {rN+}
rPois   +            r - +0 helmet
rElec   .            q - +0 cloak
rCorr   .            (no gloves)
SInv    +            (no boots)
Will    .....        s - amulet of the acrobat
Stlth   ++           f - ring of see invisible
HPRegen 0.27/turn    (no ring)
MPRegen 0.17/turn

%: acrobat
@: no status effects
A: no striking features
a: Renounce Religion


You were on level 7 of the Dungeon.
You worshipped Vehumet.
Vehumet was noncommittal.
You visited 2 branches of the dungeon, and saw 8 of its levels.

You collected 244 gold pieces.

Inventory:

Hand Weapons
 a - a +0 dagger
Armour
 c - a +0 robe
 m - a +0 buckler (worn)
 q - a +0 cloak (worn)
 r - a +0 helmet (worn)
 B - a +2 robe of positive energy (worn)
Magical Staves
 b - a staff of poison (weapon) {!a}
Jewellery
 f - a ring of see invisible (left hand)
 s - an amulet of the acrobat (around neck)
Wands
 z - a wand of iceblast (6)
 C - a wand of digging (2)
Scrolls
 d - a scroll of enchant weapon {unknown}
 g - a scroll of magic mapping {unknown}
 i - 3 scrolls of teleportation
 j - a scroll of immolation
 v - a scroll of fog
 w - a scroll of silence {unknown}
 x - a scroll of brand weapon {unknown}
 y - a scroll of vulnerability {unknown}
 A - 2 scrolls of poison {unknown}
Potions
 e - 3 potions of curing
 h - a potion of ambrosia {unknown}
 k - 2 potions of magic
 l - a potion of degeneration {unknown}
 n - a potion of berserk rage {unknown}
 o - a potion of might {unknown}
 p - 2 potions of attraction {unknown}
 t - a potion of haste
 u - a potion of flight {unknown}


   Skills:
 - Level 2.0 Fighting
 - Level 2.0 Staves
 - Level 2.4 Dodging
 - Level 2.4 Stealth
 - Level 3.0 Shields
 - Level 7.0 Spellcasting
 - Level 8.0 Conjurations
 - Level 4.0 Hexes
 + Level 4.9 Translocations
 - Level 2.0 Poison Magic
 - Level 2.0 Evocations


You had 4 spell levels left.
You knew the following spells:

 Your Spells              Type           Power      Damage    Failure   Level
a - Magic Dart            Conj           100%       1d8       1%          1
b - Searing Ray           Conj           100%       2d8       1%          2
i - Iskenderun's Mystic   Conj/Tloc      42%        2d10      9%          4
p - Fulminant Prism       Conj/Hex       20%        3d12      10%         4
D - Tukima's Dance        Hex            29%        N/A       7%          3
F - Dazzling Flash        Conj/Hex       80%        N/A       3%          3

Your spell library contained the following spells:

 Spells                   Type           Power      Damage    Failure   Level
 Kiss of Death            Conj/Necr      100%       2d13      2%          1
 Portal Projectile        Hex/Tloc       64%        N/A       5%          3
 Poisonous Vapours        Pois/Air       42%        N/A       12%         2
 Passwall                 Tmut/Erth      7%         N/A       17%         2
 Petrify                  Tmut/Erth      9%         N/A       75%         4
 Blade Hands              Tmut           4%         N/A       97%         5
 Eringya's Noxious Bog    Tmut/Pois      10%        N/A       100%        6
 Chain Lightning          Conj/Air       14%        3d19      100%        9


Dungeon Overview and Level Annotations

Branches:
Dungeon (7/15)             Temple (1/1) D:7

Altars:
Ashenzari
Cheibriados
Dithmenos
Elyvilon
Fedhas
Gozag
Hepliaklqana
Kikubaaqudgha
Makhleb
Nemelex Xobeh
Okawaru
Qazlal
Ru
Sif Muna
Trog
Uskayaw
Vehumet
Wu Jian
Xom
Yredelemnul
Zin
The Shining One

Shops:
D:4 =


Message History

An orc comes into view. It is wielding a +0 whip.
The howler monkey hoots and howls with incredible vigour!
You hear a shout! x3; You hear two shouts!
You hear a shout! x3
Your +0 club falls from the air.
The orc warrior hits you with a +0 hand axe!
The howler monkey closely misses you. The hound barely misses you.
You climb downwards.
There is a stone staircase leading up here.
Casting: Tukima's Dance (dangerous; 7% risk of failure)
Confirm with . or Enter, or press ? or * to list all spells.
Aiming: Searing Ray (safe; 1% risk of failure)
Press: ? - help, Shift-Dir - straight line, f - howler monkey
Aim: a howler monkey (almost dead, catching its breath, 81% to hit)
The searing ray misses the orc warrior.
The searing ray misses the howler monkey. (Press . to maintain the ray.)
The orc warrior hits you with a +0 hand axe.
The searing ray hits the orc warrior.
The orc warrior is heavily wounded.
The searing ray hits the howler monkey!
You kill the howler monkey!
Vehumet accepts your kill.
The orc warrior hits you with a +0 hand axe.
* * * LOW HITPOINT WARNING * * *
The searing ray hits the orc warrior.
The orc warrior is severely wounded.
You block the orc warrior's attack.
The searing ray hits the orc warrior.
The orc warrior is almost dead.
You finish channelling your searing ray.
The orc warrior hits you with a +0 hand axe.
* * * LOW HITPOINT WARNING * * *
Okay, then.
Unknown command.
You barely miss the orc warrior.
The orc warrior is almost dead.
The orc warrior hits you with a +0 hand axe!
* * * LOW HITPOINT WARNING * * *
The orc warrior hits you with a +0 hand axe!
You die...

############### #..
...........
####.#########.###
#@#....#..........
###o#....#.#####.#..
#..†.......# ..#..
#)##.......##.......
#. #......<.........
# #.......##.#.....
#.......##.#.....
#.......#........
#.......##.......


You could see an orc warrior.

Vanquished Creatures
  Sigmund (D:2)
  A steam dragon (D:7)
  Edmund (D:4)
  An ice beast (D:7)
  A black bear (D:3)
  A sky beast (D:7)
  3 bullfrogs (D:7)
  3 scorpions
  4 wights (D:7)
  A howler monkey (D:7)
  A hound (D:4)
  2 orc priests (D:6)
  3 sleepcaps
  Terence (D:2)
  Jessica (D:2)
  Natasha (thrice) (D:3)
  An orc wizard (D:6)
  4 gnolls (D:2)
  3 adders
  3 worms
  3 dart slugs
  14 orcs
  9 ball pythons
  10 endoplasms
  7 giant cockroaches
  5 goblins
  4 hobgoblins
  3 jackals (D:4)
  7 quokkas
  10 bats
  2 frilled lizards
  5 kobolds
  5 rats
123 creatures vanquished.

Vanquished Creatures (others)
  13 fulminant prisms
13 creatures vanquished.

Grand Total: 136 creatures vanquished

Notes
Turn   | Place    | Note
-------+----------+-------------------------------------------
     0 | D:1      | Cheops the Deep Elf Conjurer began the quest for the Orb.
     0 | D:1      | Reached XP level 1. HP: 10/10 MP: 6/6
   116 | D:1      | Reached XP level 2. HP: 12/15 MP: 2/9
   119 | D:1      | Learned a level 2 spell: Searing Ray
  1249 | D:2      | Reached skill level 5 in Spellcasting
  1249 | D:2      | Reached XP level 3. HP: 19/19 MP: 6/11
  1425 | D:2      | Reached skill level 5 in Conjurations
  1425 | D:2      | Reached XP level 4. HP: 8/24 MP: 4/13
  1430 | D:2      | Learned a level 4 spell: Fulminant Prism
  1716 | D:2      | Noticed Terence
  1725 | D:2      | Killed Terence
  1821 | D:2      | Learned a level 3 spell: Dazzling Flash
  1950 | D:2      | Noticed Sigmund
  1956 | D:2      | Killed Sigmund
  1957 | D:2      | Reached skill level 7 in Conjurations
  1957 | D:2      | Reached XP level 5. HP: 28/28 MP: 7/14
  1962 | D:2      | Learned a level 4 spell: Iskenderun's Mystic Blast
  2081 | D:2      | Noticed Jessica
  2089 | D:2      | Killed Jessica
  2090 | D:2      | Reached XP level 6. HP: 32/32 MP: 10/15
  2315 | D:2      | Found a faded altar of an unknown god.
  3107 | D:3      | Noticed Natasha
  3116 | D:3      | Killed Natasha
  3504 | D:3      | Noticed Natasha
  3506 | D:3      | Killed Natasha
  3789 | D:3      | Reached skill level 8 in Conjurations
  3926 | D:3      | Noticed Natasha
  3930 | D:3      | Killed Natasha
  4521 | D:4      | Found Foamusm's Jewellery Emporium.
  4541 | D:4      | Reached XP level 7. HP: 36/36 MP: 7/16
  4890 | D:4      | Found a sacrificial altar of Ru.
  5041 | D:4      | Noticed Edmund
  5049 | D:4      | Killed Edmund
  5050 | D:4      | Reached skill level 1 in Fighting
  5050 | D:4      | Reached skill level 1 in Staves
  5050 | D:4      | Reached skill level 1 in Poison Magic
  5050 | D:4      | Reached skill level 1 in Evocations
  5498 | D:5      | Entered Level 5 of the Dungeon
  5505 | D:5      | Reached skill level 1 in Shields
  5675 | D:5      | You fall into a shaft and drop 2 floors!
  5685 | D:7      | Got the Essays on the Xenolith
  5690 | D:7      | Learned a level 3 spell: Tukima's Dance
  5888 | D:7      | Reached XP level 8. HP: 43/43 MP: 10/19
  6148 | D:7      | Found a staircase to the Ecumenical Temple.
  6157 | Temple   | Entered the Ecumenical Temple
  6218 | Temple   | Became a worshipper of Vehumet
  6448 | D:7      | Reached skill level 1 in Translocations
  6763 | D:7      | Got the Opusculum on Virulent Wounds
  6780 | D:6      | Identified the +11 dagger "Earthworm" {venom, *Slow MP+9
                  | Str+3}
  6791 | D:7      | Slain by an orc warrior

Illustrated notes

Levels and vault maps discovered:
D:1:      elethiomel_arrival_infinity_welcomes_careful_drivers,
          layout_loops_ring
D:2:      layout_basic, chequers_ecumenical_altar_lobes,
          nicolae_kite_square_tiling_tiny, st_stairs_3, minmay_hexomino_f4,
          uniq_jessica, uniq_sigmund, uniq_terence
D:3:      layout_basic, nicolae_elevator_lobby_asterisk, uniq_natasha
D:4:      layout_gridville, kennysheep_little_box, serial_shops, shop,
          minmay_box_of_dots, uniq_edmund
D:5:      layout_basic, serial_shops, kennysheep_mini_moat, shop,
          nicolae_shop_hallway_plus
D:6:      layout_rooms, uniq_grinder
D:7:      layout_basic, temple_fountains
Temple:   grunt_wide_crystal_templ

Skill      XL: |  1  2  3  4  5  6  7  8 |
---------------+-------------------------+-----
Spellcasting   | 4 5 6 7 |  7.0
Conjurations   | 5 7 8 |  8.0
Hexes          | 3 4 |  4.0
Fighting       | 1 2 |  2.0
Staves         | 1 2 |  2.0
Poison Magic   | 1 2 |  2.0
Evocations     | 1 2 |  2.0
Shields        | 2 3 |  3.0
Translocations | 4 |  4.9
Dodging        | |  2.4
Stealth        | |  2.4

Action                     |  1- 3 |  4- 6 |  7- 9 || total
---------------------------+-------+-------+-------++-------
  Melee: Staff             |       |       |     2 ||     2
   Cast: Magic Dart        |    35 |    44 |    36 ||   115
         Searing Ray       |     8 |    22 |    26 ||    56
         Fulminant Prism   |       |       |    13 ||    13
         Tukima's Dance    |       |       |     3 ||     3
    Use: Scroll            |       |     3 |     1 ||     4
 Armour: Robe              |     1 |     2 |       ||     3
  Dodge: Dodged            |     3 |    10 |    11 ||    24
  Block: Buckler           |       |       |     1 ||     1
